[ AOE2 MATCH · #513611609 ]
UnrankedJapanese vs Byzantines
Player's team · LOSS
[ REPLAY ANALYSIS · EXTRACTED FROM THE RECORDED GAME ]
Feudal
8:50
Castle
20:29
Imperial
—
| APM avg | 100.1 |
| APM peak | 146 |
| eAPM avg | 47.8 |
| Villagers / military | 114 / 55 |
Focus
⚔️ 52.3% · 🌾 47.7%
Skirmisher ×40 · Monk ×7 · Militia ×4 · Archer ×2 · Mangonel ×2
Feudal
8:50
Castle
20:33
Imperial
33:32
| APM avg | 94.4 |
| APM peak | 141 |
| eAPM avg | 41.2 |
| Villagers / military | 93 / 63 |
Focus
⚔️ 50.4% · 🌾 49.6%
Skirmisher ×48 · Unknown (2703) ×26 · Monk ×6 · Militia ×3 · Spearman ×3 · Archer ×2
Match map
Initial resources + every placement click. Lines = walls · curves = elevation contours. ◆ gold · ⬟ stone · ● berries · ✦ relic · ◌ wall gap
Your base· Open — unwalled flank
VIT Liereyy's base· Open — unwalled flank
Smoothed initial terrain · ◌ = detected wall gap · hover for details
Inputs per minute
— wR.Lucho - - VIT Liereyy
Build order — wR.Lucho
First 150 of 313 actions detected
| 0:01 | queue | Villager (Male) |
| 0:02 | Build | House |
| 0:02 | Build | House |
| 0:06 | queue | Villager (Male) |
| 0:06 | queue | Villager (Male) |
| 0:06 | queue | Villager (Male) |
| 0:07 | queue | Villager (Male) |
| 1:29 | queue | Villager (Male) |
| 1:30 | queue | Villager (Male) |
| 2:03 | queue | Villager (Male) |
| 2:03 | queue | Villager (Male) |
| 2:24 | Build | Lumber Camp |
| 2:27 | queue | Villager (Male) |
| 2:27 | queue | Villager (Male) |
| 2:52 | queue | Villager (Male) |
| 2:53 | queue | Villager (Male) |
| 3:16 | queue | Villager (Male) |
| 3:16 | queue | Villager (Male) |
| 3:42 | queue | Villager (Male) |
| 3:44 | queue | Villager (Male) |
| 3:45 | queue | Villager (Male) |
| 3:52 | Build | House |
| 3:59 | queue | Villager (Male) |
| 4:00 | queue | Villager (Male) |
| 4:23 | Build | House |
| 4:30 | queue | Villager (Male) |
| 4:30 | queue | Villager (Male) |
| 4:30 | queue | Villager (Male) |
| 5:01 | Build | Barracks |
| 5:04 | Build | Barracks |
| 5:44 | Build | Palisade Wall |
| 5:49 | queue | Villager (Male) |
| 5:57 | Build | Palisade Wall |
| 6:11 | Research | Loom |
| 6:21 | Build | Mining Camp |
| 6:29 | Research | Feudal Age |
| 6:29 | Research | Feudal Age |
| 6:37 | queue | Militia |
| 6:58 | queue | Militia |
| 7:04 | Build | Mill |
| 7:19 | queue | Militia |
| 8:13 | queue | Militia |
| 8:23 | Build | House |
| 8:24 | Build | House |
| 8:32 | queue | Villager (Male) |
| 8:50 | Age | Feudal Age |
| 8:52 | Research | Man-at-Arms (upgrade) |
| 8:54 | Build | Archery Range |
| 9:12 | queue | Villager (Male) |
| 9:30 | queue | Villager (Male) |
| 9:37 | Build | Palisade Wall |
| 9:38 | Build | Palisade Wall |
| 9:45 | Build | Palisade Wall |
| 9:54 | Research | Double-Bit Axe |
| 9:56 | Build | Farm |
| 10:04 | queue | Villager (Male) |
| 10:07 | Build | Farm |
| 10:10 | Build | Palisade Gate |
| 10:18 | Build | Farm |
| 10:20 | queue | Archer |
| 10:28 | queue | Villager (Male) |
| 10:38 | Build | Palisade Wall |
| 10:40 | Build | Palisade Wall |
| 10:42 | Build | Palisade Wall |
| 10:46 | Build | Farm |
| 10:50 | queue | Villager (Male) |
| 10:56 | Build | Palisade Wall |
| 11:00 | queue | Skirmisher |
| 11:16 | queue | Villager (Male) |
| 11:34 | Build | Farm |
| 11:37 | queue | Skirmisher |
| 11:39 | Build | House |
| 11:47 | queue | Villager (Male) |
| 11:53 | Build | Farm |
| 11:58 | queue | Skirmisher |
| 12:05 | queue | Villager (Male) |
| 12:14 | Build | House |
| 12:21 | queue | Villager (Male) |
| 12:34 | Build | Farm |
| 12:45 | Build | House |
| 12:52 | Build | Farm |
| 12:54 | queue | Skirmisher |
| 13:01 | queue | Villager (Male) |
| 13:18 | queue | Villager (Male) |
| 13:19 | queue | Skirmisher |
| 13:23 | queue | Villager (Male) |
| 13:25 | Build | Farm |
| 13:33 | Build | Farm |
| 13:44 | queue | Skirmisher |
| 13:45 | queue | Villager (Male) |
| 13:47 | Build | Farm |
| 13:57 | queue | Archer |
| 14:15 | queue | Villager (Male) |
| 14:17 | Build | Blacksmith |
| 14:27 | queue | Skirmisher |
| 14:33 | Build | Farm |
| 14:45 | Build | Farm |
| 14:57 | queue | Skirmisher |
| 14:59 | queue | Villager (Male) |
| 15:01 | Research | Fletching |
| 15:04 | Build | Farm |
| 15:17 | queue | Villager (Male) |
| 15:19 | Build | Farm |
| 15:25 | queue | Skirmisher |
| 15:35 | Build | Farm |
| 15:43 | Build | House |
| 15:57 | queue | Skirmisher |
| 15:57 | queue | Skirmisher |
| 16:02 | queue | Villager (Male) |
| 16:12 | Build | House |
| 16:15 | queue | Skirmisher |
| 16:16 | queue | Villager (Male) |
| 16:34 | queue | Villager (Male) |
| 16:45 | queue | Villager (Male) |
| 16:57 | Build | Farm |
| 17:10 | Build | Farm |
| 17:27 | Build | House |
| 17:31 | Build | Palisade Wall |
| 17:49 | Research | Castle Age |
| 17:49 | Research | Castle Age |
| 18:02 | queue | Skirmisher |
| 18:11 | Research | Horse Collar |
| 18:11 | Research | Horse Collar |
| 18:11 | Research | Horse Collar |
| 18:27 | queue | Skirmisher |
| 18:31 | Research | Gold Mining |
| 18:32 | Research | Gold Mining |
| 18:44 | Build | Palisade Wall |
| 18:49 | Build | Lumber Camp |
| 18:57 | queue | Skirmisher |
| 19:20 | queue | Skirmisher |
| 19:22 | queue | Villager (Male) |
| 19:25 | Build | Lumber Camp |
| 19:36 | queue | Villager (Male) |
| 19:42 | Build | House |
| 19:46 | queue | Skirmisher |
| 19:48 | queue | Villager (Male) |
| 20:02 | queue | Villager (Male) |
| 20:11 | queue | Villager (Male) |
| 20:18 | queue | Skirmisher |
| 20:21 | Build | House |
| 20:28 | queue | Villager (Male) |
| 20:29 | Age | Castle Age |
| 20:32 | Research | Elite Skirmisher (upgrade) |
| 20:32 | Research | Bodkin Arrow |
| 20:47 | Research | Bow Saw |
| 20:51 | queue | Villager (Male) |
| 21:19 | queue | Villager (Male) |
| 21:21 | Build | House |
| 21:23 | queue | Villager (Male) |
Build order — VIT Liereyy
First 150 of 369 actions detected
| 0:00 | queue | Villager (Male) |
| 0:00 | queue | Villager (Male) |
| 0:01 | Build | House |
| 0:02 | Build | House |
| 0:06 | queue | Villager (Male) |
| 0:06 | queue | Villager (Male) |
| 1:29 | queue | Villager (Male) |
| 1:30 | queue | Villager (Male) |
| 1:46 | Build | Lumber Camp |
| 1:58 | queue | Villager (Male) |
| 2:22 | queue | Villager (Male) |
| 2:43 | queue | Villager (Male) |
| 3:05 | queue | Villager (Male) |
| 3:27 | queue | Villager (Male) |
| 3:28 | queue | Villager (Male) |
| 3:49 | Build | House |
| 3:54 | queue | Villager (Male) |
| 3:54 | queue | Villager (Male) |
| 4:17 | Build | Mill |
| 4:33 | queue | Villager (Male) |
| 4:33 | queue | Villager (Male) |
| 4:59 | queue | Villager (Male) |
| 5:19 | queue | Villager (Male) |
| 5:46 | Research | Loom |
| 6:22 | Build | Barracks |
| 6:38 | Research | Feudal Age |
| 6:38 | Research | Feudal Age |
| 6:52 | Build | House |
| 7:03 | Build | House |
| 7:16 | queue | Militia |
| 7:17 | queue | Militia |
| 7:45 | Build | House |
| 7:58 | Build | Mining Camp |
| 7:59 | queue | Militia |
| 8:09 | queue | Villager (Male) |
| 8:50 | Age | Feudal Age |
| 8:52 | Research | Double-Bit Axe |
| 9:01 | Research | Man-at-Arms (upgrade) |
| 9:01 | Research | Man-at-Arms (upgrade) |
| 9:02 | queue | Villager (Male) |
| 9:27 | queue | Villager (Male) |
| 9:37 | Build | Palisade Wall |
| 9:38 | Build | Palisade Wall |
| 9:43 | queue | Villager (Male) |
| 9:47 | Build | Archery Range |
| 10:07 | Build | Palisade Wall |
| 10:07 | Build | Palisade Wall |
| 10:17 | queue | Villager (Male) |
| 10:19 | Build | Palisade Wall |
| 10:20 | Build | Palisade Wall |
| 10:20 | Build | Palisade Wall |
| 10:27 | Build | House |
| 10:39 | queue | Villager (Male) |
| 10:43 | queue | Archer |
| 10:44 | queue | Spearman |
| 10:46 | Build | Palisade Wall |
| 10:47 | Build | Palisade Wall |
| 10:47 | Build | Palisade Wall |
| 10:48 | Build | Palisade Wall |
| 10:51 | Build | Palisade Wall |
| 11:00 | queue | Archer |
| 11:06 | Build | Palisade Wall |
| 11:08 | Build | Palisade Wall |
| 11:09 | Build | Palisade Wall |
| 11:16 | Build | Blacksmith |
| 11:17 | queue | Villager (Male) |
| 11:23 | Build | Palisade Wall |
| 11:37 | queue | Villager (Male) |
| 11:39 | queue | Villager (Male) |
| 11:44 | Build | Farm |
| 11:46 | Build | Farm |
| 11:53 | queue | Skirmisher |
| 12:04 | Build | Farm |
| 12:07 | Research | Fletching |
| 12:07 | Research | Fletching |
| 12:12 | Build | House |
| 12:29 | Build | Farm |
| 12:33 | queue | Villager (Male) |
| 12:42 | Build | Farm |
| 12:47 | Build | Farm |
| 12:57 | queue | Villager (Male) |
| 13:00 | queue | Skirmisher |
| 13:07 | Build | Farm |
| 13:18 | queue | Skirmisher |
| 13:30 | queue | Villager (Male) |
| 13:31 | Build | Farm |
| 13:34 | Build | House |
| 13:43 | Build | Farm |
| 13:44 | queue | Villager (Male) |
| 13:45 | queue | Skirmisher |
| 13:45 | queue | Skirmisher |
| 13:55 | Build | House |
| 14:07 | Build | Farm |
| 14:11 | queue | Skirmisher |
| 14:12 | queue | Villager (Male) |
| 14:22 | Build | Farm |
| 14:41 | queue | Villager (Male) |
| 14:42 | Build | Farm |
| 14:43 | queue | Skirmisher |
| 14:52 | Build | House |
| 14:58 | Build | Farm |
| 15:04 | queue | Skirmisher |
| 15:12 | queue | Villager (Male) |
| 15:24 | Build | Farm |
| 15:24 | queue | Villager (Male) |
| 15:33 | Build | House |
| 15:33 | Build | House |
| 15:37 | queue | Skirmisher |
| 15:37 | queue | Skirmisher |
| 15:54 | Build | Farm |
| 15:58 | queue | Skirmisher |
| 16:02 | queue | Villager (Male) |
| 16:22 | Build | House |
| 16:25 | Build | Farm |
| 16:26 | queue | Villager (Male) |
| 16:28 | Build | Farm |
| 16:36 | queue | Skirmisher |
| 16:57 | queue | Villager (Male) |
| 17:01 | queue | Skirmisher |
| 17:03 | Build | House |
| 17:04 | Build | Palisade Wall |
| 17:23 | queue | Villager (Male) |
| 17:26 | Build | Lumber Camp |
| 17:53 | Research | Castle Age |
| 17:53 | Research | Castle Age |
| 18:01 | queue | Skirmisher |
| 18:14 | Research | Horse Collar |
| 18:14 | Research | Horse Collar |
| 18:19 | Build | Farm |
| 18:25 | queue | Skirmisher |
| 18:35 | Build | House |
| 18:36 | Build | Palisade Wall |
| 18:39 | Research | Gold Mining |
| 18:39 | Research | Gold Mining |
| 18:57 | queue | Skirmisher |
| 19:03 | queue | Villager (Male) |
| 19:25 | queue | Skirmisher |
| 19:52 | queue | Skirmisher |
| 20:00 | Build | Lumber Camp |
| 20:10 | Build | House |
| 20:33 | Age | Castle Age |
| 20:36 | Build | Town Center |
| 20:36 | queue | Unit 2703 |
| 20:37 | Research | Elite Skirmisher (upgrade) |
| 20:37 | Research | Elite Skirmisher (upgrade) |
| 20:37 | Research | Bodkin Arrow |
| 20:38 | Research | Bodkin Arrow |
| 20:42 | Research | Bow Saw |
| 20:42 | Research | Bow Saw |
| 20:49 | queue | Villager (Male) |
Match timeline
| 5:01 | wR.Lucho · first_building Barracks |
| 5:44 | wR.Lucho · wall_segment Palisade Wall x1 |
| 5:57 | wR.Lucho · wall_segment Palisade Wall x4 |
| 6:22 | VIT Liereyy · first_building Barracks |
| 8:50 | VIT Liereyy · age_up feudal |
| 8:50 | wR.Lucho · age_up feudal |
| 8:54 | wR.Lucho · first_building Archery Range |
| 9:37 | wR.Lucho · wall_segment Palisade Wall x1 |
| 9:37 | VIT Liereyy · wall_segment Palisade Wall x1 |
| 9:38 | wR.Lucho · wall_segment Palisade Wall x1 |
| 9:38 | VIT Liereyy · wall_segment Palisade Wall x1 |
| 9:45 | wR.Lucho · wall_segment Palisade Wall x4 |
| 9:47 | VIT Liereyy · first_building Archery Range |
| 10:07 | VIT Liereyy · wall_segment Palisade Wall x1 |
| 10:07 | VIT Liereyy · wall_segment Palisade Wall x1 |
| 10:19 | VIT Liereyy · wall_segment Palisade Wall x1 |
| 10:20 | VIT Liereyy · wall_segment Palisade Wall x1 |
| 10:20 | VIT Liereyy · wall_segment Palisade Wall x1 |
| 10:38 | wR.Lucho · wall_segment Palisade Wall x1 |
| 10:40 | wR.Lucho · wall_segment Palisade Wall x1 |
| 10:42 | wR.Lucho · wall_segment Palisade Wall x3 |
| 10:46 | VIT Liereyy · wall_segment Palisade Wall x1 |
| 10:47 | VIT Liereyy · wall_segment Palisade Wall x1 |
| 10:47 | VIT Liereyy · wall_segment Palisade Wall x1 |
| 10:48 | VIT Liereyy · wall_segment Palisade Wall x1 |
| 10:51 | VIT Liereyy · wall_segment Palisade Wall x1 |
| 10:56 | wR.Lucho · wall_segment Palisade Wall x1 |
| 11:06 | VIT Liereyy · wall_segment Palisade Wall x1 |
| 11:08 | VIT Liereyy · wall_segment Palisade Wall x1 |
| 11:09 | VIT Liereyy · wall_segment Palisade Wall x1 |
| 11:23 | VIT Liereyy · wall_segment Palisade Wall x1 |
| 17:04 | VIT Liereyy · wall_segment Palisade Wall x1 |
| 17:31 | wR.Lucho · wall_segment Palisade Wall x16 |
| 18:36 | VIT Liereyy · wall_segment Palisade Wall x9 |
| 18:44 | wR.Lucho · wall_segment Palisade Wall x9 |
| 20:29 | wR.Lucho · age_up castle |
| 20:33 | VIT Liereyy · age_up castle |
| 21:28 | wR.Lucho · first_building Monastery |
| 22:25 | VIT Liereyy · first_building Monastery |
| 23:15 | wR.Lucho · first_building Siege Workshop |
| 32:51 | wR.Lucho · first_market_sell 100 food |
| 33:32 | VIT Liereyy · age_up imperial |
| 33:38 | wR.Lucho · resign |
[ AI ANALYSIS · 1 CREDIT ]
What really happened in this match?
Wolo.gg analyzes every decision: build order, eco, micro, common mistakes by bracket. Personalized analysis on WhatsApp or Discord in 30 seconds.
Civ guide
Japanese
Perfil
Jugador #9423131